AoeStats
← Alexander

Black Forest

508579422Analyzed
4v4 RM · 9d ago on Sep 23, 2026· 83m 25s· 8 players
Game mode
Random Map
Map size
Large (8 player)
Population
200
Speed
Normal
Resources
Standard
Victory
Conquest
Starting age
Dark Age
Ending age
Imperial Age
RankedLock teamsTeams togetherTeam positionsShared explorationLock speedFull tech treeHidden civsTurbo modeCheats
Victory
Defeat
🇺🇸 Britons · United States
1002
+13
🇪🇨 Bohemians · Ecuador
988
+14
🇨🇱 Persians · Chile
985
+14
🇺🇸 Goths · United States
830
+20
🇦🇷 Bulgarians · Argentina
1026
-19
🇵🇰 Persians · Pakistan
959
-16
🇺🇸 Danes · United States
948
-16
🇺🇾 Cumans · Uruguay
801
-10
SIR DAGGY
10:25 Feudal Age
10:53 Double-Bit Axe
17:00 Castle Age
15:23 Loom
17:17 Wheelbarrow
17:54 Bow Saw
17:25 Horse Collar
19:02 Heavy Plow
22:43 Hand Cart
28:06 Stone Mining
28:33 Gold Mining
29:41 Stone Shaft Mining
31:04 Gold Shaft Mining
33:36 Imperial Age
31:46 Hamask
32:31 Scale Mail Armor
32:41 Forging
34:01 Chain Mail Armor
34:21 Iron Casting
33:22 Pikeman
34:03 Squires
33:48 Arson
34:59 Halberdier
35:07 Onager
36:13 Conscription
36:00 Capped Ram
37:36 Siege Onager
38:08 Northmen's Fury
39:01 Siege Engineers
40:41 Plate Mail Armor
40:51 Siege Ram
43:09 Chemistry
45:11 Man-at-Arms
45:37 Gambesons
46:16 Long Swordsman
46:50 Two-Handed Swordsman
47:53 Champion
51:20 Elite Varangian Guard
Rirumo
0:33 Loom
13:11 Feudal Age
14:18 Arson
24:10 Castle Age
22:22 Scale Mail Armor
25:05 Wheelbarrow
24:17 Double-Bit Axe
24:27 Fishing Lines
24:31 Horse Collar
27:09 Gambesons
27:25 Squires
27:43 Chain Mail Armor
27:39 Forging
32:10 Pikeman
33:43 Gillnets
36:09 Elite Skirmisher
40:34 Iron Casting
41:30 Scale Barding Armor
47:20 Imperial Age
44:37 Town Watch
45:07 Hand Cart
45:16 Gold Mining
50:17 Illumination
49:50 Halberdier
53:41 Redemption
57:33 Plate Mail Armor
58:04 Blast Furnace
61:55 Murder Holes
62:12 Masonry
63:48 Chemistry
64:41 Conscription
69:40 Fletching
69:51 Padded Archer Armor
75:57 Bodkin Arrow
76:18 Leather Archer Armor
Fenomenoide
4:02 Loom
14:26 Feudal Age
21:31 Castle Age
21:44 Castle Age
20:03 Double-Bit Axe
35:16 Fletching
35:27 Padded Archer Armor
37:08 Horse Collar
37:53 Leather Archer Armor
40:08 Bloodlines
41:36 Steppe Husbandry
45:36 Imperial Age
44:38 Pikeman
47:26 Halberdier
49:21 Halberdier
49:31 Halberdier
56:30 Cavalier
74:03 Paladin
74:11 Elite Steppe Lancer
75:15 Thumb Ring
74:32 Elite Skirmisher
78:29 Bodkin Arrow
sehal
1:19 Loom
11:24 Feudal Age
15:53 Castle Age
14:57 Stone Mining
14:56 Double-Bit Axe
14:54 Horse Collar
27:27 Gold Mining
27:37 Fletching
28:31 Bow Saw
31:03 Wheelbarrow
33:36 Imperial Age
31:25 Scale Barding Armor
31:40 Forging
31:39 Heavy Plow
33:27 Hand Cart
33:42 Chain Barding Armor
33:58 Iron Casting
34:19 Conscription
34:40 Plate Barding Armor
34:55 Gold Shaft Mining
34:58 Elite War Elephant
37:47 Stone Shaft Mining
39:11 Husbandry
39:22 Bloodlines
40:47 Blast Furnace
40:22 Crop Rotation
44:16 Chemistry
43:13 Murder Holes
43:39 Ballistics
45:17 Caravan
55:23 Thumb Ring
54:44 Elite Skirmisher
55:30 Bodkin Arrow
55:36 Padded Archer Armor
58:45 Leather Archer Armor
58:33 Scale Mail Armor
66:20 Ring Archer Armor
70:09 Coinage
70:55 Chain Mail Armor
71:05 Guilds
ITVE | Jose.Antonio.Paez
0:27 Loom
12:49 Feudal Age
17:31 Castle Age
15:52 Double-Bit Axe
16:12 Horse Collar
18:37 Bow Saw
28:49 Imperial Age
26:49 Fletching
27:40 Bodkin Arrow
27:54 Gold Mining
28:51 Onager
30:52 Illumination
31:41 Gold Shaft Mining
31:59 Yeomen
32:00 Conscription
32:09 Padded Archer Armor
33:29 Heavy Plow
34:50 Ballistics
35:18 Bracer
35:34 Leather Archer Armor
36:59 Chemistry
36:02 Elite Longbowman
37:10 Bow Saw
37:59 Wheelbarrow
37:11 Town Watch
38:22 Ring Archer Armor
38:12 Forging
38:05 Scale Mail Armor
38:08 Man-at-Arms
38:18 Capped Ram
39:48 Iron Casting
39:35 Caravan
40:04 Long Swordsman
40:29 Gambesons
40:45 Squires
40:31 Arson
40:52 Two-Handed Swordsman
42:02 Chain Mail Armor
42:48 Blast Furnace
42:18 Pikeman
44:25 Siege Engineers
44:13 Halberdier
46:11 Plate Mail Armor
46:33 Hoardings
47:55 Heavy Scorpion
65:01 Husbandry
64:22 Light Cavalry
66:46 Scale Barding Armor
66:49 Husbandry
68:15 Husbandry
69:21 Hand Cart
69:06 Town Patrol
69:06 Murder Holes
70:04 Chain Barding Armor
71:34 Cavalier
gabrielc.c.f.c
12:57 Feudal Age
14:32 Double-Bit Axe
17:25 Horse Collar
17:38 Gold Mining
17:40 Stone Mining
20:20 Forging
20:12 Scale Mail Armor
22:28 Castle Age
24:01 Squires
23:21 Pikeman
26:18 Bow Saw
28:21 Stone Shaft Mining
29:30 Wheelbarrow
30:32 Hand Cart
33:52 Anarchy
38:10 Imperial Age
36:21 Chain Mail Armor
38:54 Heavy Plow
39:13 Elite Huskarl
41:35 Crop Rotation
42:10 Two-Man Saw
42:45 Halberdier
44:11 Iron Casting
Alexander
11:38 Feudal Age
11:50 Feudal Age
11:40 Loom
13:28 Feudal Age
21:32 Castle Age
20:54 Wheelbarrow
21:02 Wheelbarrow
21:06 Forging
20:46 Fletching
26:26 Horse Collar
27:23 Town Watch
32:09 Hand Cart
33:04 Ballistics
34:18 Heavy Plow
38:40 Imperial Age
40:34 Chemistry
41:21 Siege Engineers
40:38 Houfnice
42:08 Double-Bit Axe
42:58 Conscription
42:49 Pikeman
43:29 Squires
43:25 Halberdier
44:46 Iron Casting
44:12 Scale Mail Armor
61:20 Blast Furnace
60:35 Chain Mail Armor
71:05 Plate Mail Armor
82:56 Spies/Treason
IronWill
6:27 Loom
12:11 Feudal Age
16:04 Castle Age
14:17 Double-Bit Axe
15:41 Horse Collar
18:16 Bow Saw
20:18 Heavy Plow
23:39 Wheelbarrow
23:32 Scale Barding Armor
24:51 Bloodlines
24:41 Husbandry
25:07 Gold Mining
25:08 Stone Mining
25:35 Forging
25:46 Chain Barding Armor
25:35 Town Watch
26:58 Iron Casting
26:40 Hand Cart
26:37 Light Cavalry
28:12 Town Patrol
29:01 Gold Shaft Mining
29:02 Stone Shaft Mining
34:53 Imperial Age
33:37 Ballistics
33:30 Masonry
33:35 Fletching
34:35 Hussar
35:52 Plate Barding Armor
36:18 Blast Furnace
35:14 Bodkin Arrow
35:41 Conscription
34:52 Elite War Elephant
36:08 Hoardings
39:10 Two-Man Saw
38:40 Crop Rotation
38:39 Padded Archer Armor
39:13 Architecture
39:48 Chemistry
39:56 Caravan
41:10 Leather Archer Armor
42:04 Coinage
42:51 Ring Archer Armor
42:59 Banking
42:40 Guilds
43:28 Scale Mail Armor
44:16 Citadels
46:33 Chain Mail Armor
46:03 Heavy Camel Rider
48:02 Plate Mail Armor
50:34 Heavy Camel Rider
53:14 Citadels
55:59 Crossbowman
59:10 Thumb Ring
59:43 Citadels
60:56 Pikeman
61:22 Gambesons
61:38 Squires
61:24 Arson
62:16 Halberdier
70:56 Elite Skirmisher
71:42 Kamandaran
71:13 Sappers
82:41 Spies/Treason
Connection lost

Rejoining the realm…

Still unreachable

The connection could not be restored.

Session expired

The server has moved on; the page needs a fresh start.